 Dungeon Crawl Stone Soup version 0.24.0 (webtiles) character file.

Game seed: 3533191492505136857, levelgen mode: deterministic

99 Ayyar the Skirmisher (level 4, -5/37 HPs)
             Began as a Demonspawn Berserker on Mar 28, 2020.
             Was a Follower of Trog.
             Slain by Sigmund
             ... wielding a +0 scythe
              (9 damage)
             ... on level 3 of the Dungeon.
             The game lasted 00:05:55 (1961 turns).

Ayyar the Skirmisher (Demonspawn Berserker)         Turns: 1961, Time: 00:05:56

Health: -5/37      AC:  6    Str: 18    XL:     4   Next: 45%
Magic:  4/4        EV: 16    Int:  9    God:    Trog [*.....]
Gold:   109        SH:  0    Dex: 17    Spells: 3/3 levels left

rFire    . . .     SeeInvis .   a - +0 hand axe
rCold    . . .     Gourm    .   (no shield)
rNeg     . . .     Faith    .   j - +0 scale mail
rPois    .         Spirit   .   (helmet restricted)
rElec    .         Reflect  .   g - scarf {repulsion}
rCorr    .         Harm     .   (no gloves)
MR       .....                  (no boots)
Stlth    +.........             f - amulet of the acrobat
HPRegen  0.12/turn              (no ring)
MPRegen  0.09/turn              (no ring)

@: agile, berserk cooldown, slowed, repel missiles, very slow
A: horns 1
a: Berserk, Renounce Religion


You were on level 3 of the Dungeon.
You worshipped Trog.
Trog was aware of your devotion.
You were not hungry.

You visited 1 branch of the dungeon, and saw 3 of its levels.

You collected 109 gold pieces.

Inventory:

Hand Weapons
 a - a +0 hand axe (weapon)
Armour
 g - a scarf of repulsion (worn)
 j - a +0 scale mail (worn)
Jewellery
 b - an uncursed ring of resist corrosion {unknown}
 f - an amulet of the acrobat (around neck)
 k - an uncursed ring of protection from cold {unknown}
 m - an uncursed ring of positive energy {unknown}
 o - a +2 amulet of reflection {unknown}
Scrolls
 d - 2 scrolls of remove curse
 h - a scroll of enchant weapon {unknown}
 n - a scroll of immolation {unknown}
 p - a scroll of teleportation {unknown}
 q - 3 scrolls of identify {unknown}
Potions
 l - a potion of haste {unknown}
Comestibles
 c - 4 rations


   Skills:
 + Level 3.6 Fighting
 + Level 3.3 Axes
 + Level 2.6 Armour
 + Level 2.6 Dodging


You had 3 spell levels left.
You didn't know any spells.
Your spell library was empty.

Dungeon Overview and Level Annotations

Branches:
Dungeon (3/15)

Altars:
Hepliaklqana

Annotations:
D:3 Sigmund


Innate Abilities, Weirdness & Mutations

You have a pair of small horns on your head.


Message History

You hit something. Something hits you!
* * * LOW HITPOINT WARNING * * *
You feel much better.
You feel less confused. Something hits you!
You barely miss something. Something hits you.
* * * LOW HITPOINT WARNING * * *
You closely miss something.
You hear some strange, mumbled words.
Something tries to affect you, but you resist.
You hear some strange, mumbled words.
A magic dart appears from out of thin air!
The magic dart hits you.
* * * LOW HITPOINT WARNING * * *
You hit something. Something hits you.
* * * LOW HITPOINT WARNING * * *
It was a potion of agility.
You feel agile all of a sudden. Something hits you!
You die...

......(....).........#
..##...####..<.......# #
#### #^#........#
#.#........##
##.####......# ###..#
##....... #...## #........
.#.########.######........
#........@................
.####....{....####........
.........................
#........................
#.............####.>......
.#.############ #........
#.. #........ .# #........
##.......


There were no monsters in sight!

Vanquished Creatures
  A hound (D:2)
  Terence (D:2)
  An adder (D:2)
  3 dart slugs
  A leopard gecko (D:2)
  A ball python (D:1)
  4 bats
  4 giant cockroaches
  3 goblins
  5 hobgoblins
  A kobold (D:1)
  A rat (D:1)
26 creatures vanquished.

Notes
Turn   | Place    | Note
-------+----------+-------------------------------------------
     0 | D:1      | Ayyar the Demonspawn Berserker began the quest for the Orb.
     0 | D:1      | Reached XP level 1. HP: 18/18 MP: 1/1
    64 | D:1      | Gained mutation: You have a pair of small horns on your
                  | head. [demonic ancestry]
    64 | D:1      | Reached XP level 2. HP: 13/24 MP: 2/2
  1166 | D:2      | Noticed Terence
  1175 | D:2      | Killed Terence
  1175 | D:2      | Reached XP level 3. HP: 29/29 MP: 3/3
  1329 | D:2      | Found a hazy altar of Hepliaklqana.
  1675 | D:2      | Found a faded altar of an unknown god.
  1843 | D:2      | Reached XP level 4. HP: 33/36 MP: 4/4
  1888 | D:3      | Noticed Sigmund
  1961 | D:3      | Slain by Sigmund

Levels and vault maps discovered:
D:1:      wander_arrival_estate, layout_loops_ring, minmay_indecisive_spiral
D:2:      layout_loops_ring, overflow_temple_1_default,
          chequers_ecumenical_altar_grove, first_ration, uniq_terence
D:3:      layout_rooms, minivault_23, uniq_sigmund, uniq_crazy_yiuf_cottage,
          uniq_robin
